 Dungeon Crawl Stone Soup version 0.29.1-13-g9f3cf754e1 (webtiles) character file.

Game seed: 12613101000270426384

898 Descartes the Grappler (level 7, -5/66 HPs)
             Began as a Troll Delver on Feb 8, 2023.
             Shot with a bolt by an orc warrior (21 damage)
             ... on level 6 of the Dungeon.
             The game lasted 00:02:36 (949 turns).

Descartes the Grappler (Troll Delver)                Turns: 949, Time: 00:02:36

Health: -5/66      AC: -4    Str: 21    XL:     7   Next: 79%
Magic:  6/6        EV:  9    Int:  5    God:
Gold:   10         SH:  0    Dex: 11    Spells: 6/6 levels left

rFire   + . .      SeeInvis .     - Unarmed
rCold   + . .      Faith    .   (no shield)
rNeg    . . .      Spirit   .   a - +0 robe
rPois   .          Reflect  .   (helmet restricted)
rElec   .          Harm     .   k - scarf {rC+ rF+}
rCorr   .          Rampage  .   (gloves unavailable)
Will    ++...      Rage     50% (boots unavailable)
Stlth   ++........              h - necklace of Bloodlust {*Rage Will++ Int-3 Slay+6}
HPRegen 1.01/turn               (no ring)
MPRegen 0.10/turn               (no ring)

@: corroded, on berserk cooldown, slowed, very slow
A: large, unfitting armour, claws 3, regeneration 1, shaggy fur 1, tough skin 1
a: no special abilities


You were on level 6 of the Dungeon.
You visited 2 branches of the dungeon, and saw 3 of its levels.

You collected 10 gold pieces.

Inventory:

Hand Weapons
 m - a +2 whip of flaming
Armour
 a - a +0 robe (worn)
 k - a scarf of resistance (worn)
Jewellery
 h - the necklace of Bloodlust (around neck) {*Rage Will++ Int-3 Slay+6}
   (You found it on level 5 of the Dungeon)

   [amulet of nothing]

   It extends the wearer's berserk rage when killing foes.
   Int:       It affects your intelligence (-3).
   Slay:      It affects your accuracy & damage with ranged weapons and melee
   (+6).
   *Rage:     It berserks you when you make melee attacks (+50% chance).
   Will:      It greatly increases your willpower.
Wands
 f - a wand of digging (3)
Scrolls
 b - 2 scrolls of fog
 c - a scroll of magic mapping
 d - a scroll of fear
 n - a scroll of blinking {unknown}
 o - a scroll of identify {unknown}
Potions
 e - 2 potions of haste
 g - a potion of curing {unknown}
 i - a potion of resistance {unknown}
 j - a potion of might {unknown}
 l - a potion of magic {unknown}


   Skills:
 - Level 2.4 Fighting
 - Level 1.5 Dodging
 - Level 2.7 Stealth
 + Level 9.2 Unarmed Combat


You had 6 spell levels left.
You didn't know any spells.
Your spell library was empty.

Dungeon Overview and Level Annotations

Branches:
Dungeon (6/15)             Temple (1/1) D:5

Altars:
Ashenzari
Fedhas
Gozag
Hepliaklqana
Kikubaaqudgha
Makhleb
Nemelex Xobeh
Okawaru
Qazlal
Ru
Trog
Wu Jian
Xom
Zin
The Shining One


Innate Abilities, Weirdness & Mutations

You are too large for most types of armour.
You have claws for hands.
Your natural rate of healing is unusually fast.
You are covered in fur. (AC +1)
You have tough skin. (AC +1)


Message History

You feel a strong urge to attack something.
You feel your anger nearly subside.
You are no longer berserk.
You are exhausted.
You feel yourself slow down.
You can't go down here!
There is a stone staircase leading down here.
You climb downwards.
Found a glowing scarf.
There is a stone staircase leading up here.
An orc is nearby!
An orc warrior comes into view. It is wielding a +0 war axe.
The orc shouts!
You hear a shout!
An orc priest comes into view. It is wielding a +0 hand axe.
The orc warrior shouts!
You scratch the orc but do no damage. The orc hits you with a +0 club.
You claw the orc!
You kill the orc!
The orc priest looks encouraged for a moment.
The orc warrior unwields a +0 war axe.
The orc warrior wields a +0 arbalest.
The orc warrior shoots a bolt.
The bolt hits you!!
The orc priest hits you with a +0 hand axe.
The orc warrior unwields a +0 arbalest.
The orc warrior wields a +0 war axe.
The orc warrior hits you with a +0 war axe!
The orc priest closely misses you.
The orc warrior hits you with a +0 war axe!
* * * LOW HITPOINT WARNING * * *
Things that are here:
a +0 club; a +0 scale mail; an orc corpse You are too injured to fight recklessly!
The orc priest attacks as you move away!
The orc priest hits you with a +0 hand axe.
* * * LOW HITPOINT WARNING * * *
The orc priest attacks as you move away!
The orc priest barely misses you.
The orc warrior attacks as you move away!
The orc warrior barely misses you.
The orc warrior unwields a +0 war axe.
The orc warrior wields a +0 arbalest.
The orc warrior shoots a bolt.
The bolt hits you!!
You die...

###########
#..........
#........#
#........#
#........#
#........##
#....o....##+#
#....o)......#
##<@...#...###
#.....# ..#
........# .#
###....[# #
.......#
###.....#
#.....#
#.....#


You could see an orc warrior and an orc priest.

Vanquished Creatures
  Pikel (D:5)
  Menkaure (D:5)
  A necrophage (D:5)
  A jelly (D:5)
  2 orc priests (D:5)
  3 iguanas (D:5)
  2 orc wizards (D:5)
  2 adders (D:5)
  A white imp (D:5)
  An ufetubus (D:5)
  A dart slug (D:5)
  8 orcs
  A quokka (D:5)
25 creatures vanquished.

Notes
Turn   | Place    | Note
-------+----------+-------------------------------------------
     0 | D:5      | Descartes the Troll Delver began the quest for the Orb.
     0 | D:5      | Reached XP level 1. HP: 22/22 MP: 0/0
    27 | D:5      | Found the necklace of Bloodlust {*Rage Will++ Int-3 Slay+6}
    50 | D:5      | Noticed an iguana
    54 | D:5      | Killed an iguana
    55 | D:5      | Reached skill level 3 in Unarmed Combat
    55 | D:5      | Reached XP level 2. HP: 29/29 MP: 1/1
    55 | D:5      | Reached XP level 3. HP: 36/36 MP: 2/2
   137 | D:5      | Found a staircase to the Ecumenical Temple.
   152 | D:5      | Reached skill level 4 in Unarmed Combat
   197 | D:5      | Reached XP level 4. HP: 44/44 MP: 3/3
   213 | Temple   | Entered the Ecumenical Temple
   469 | D:5      | Found a shimmering altar of Xom.
   471 | D:5      | Found a shimmering altar of Xom.
   477 | D:5      | Noticed Menkaure
   478 | D:5      | Noticed a necrophage
   484 | D:5      | Killed Menkaure
   485 | D:5      | Reached skill level 5 in Unarmed Combat
   485 | D:5      | Reached XP level 5. HP: 50/50 MP: 4/4
   505 | D:5      | Noticed a lemure
   510 | D:5      | Noticed Pikel
   510 | D:5      | Noticed a lemure
   510 | D:5      | Noticed a lemure
   510 | D:5      | Noticed a lemure
   523 | D:5      | Killed Pikel
   524 | D:5      | Reached skill level 8 in Unarmed Combat
   524 | D:5      | Reached XP level 6. HP: 29/59 MP: 5/5
   524 | D:5      | Reached XP level 7. HP: 33/66 MP: 6/6
   782 | D:5      | Reached skill level 9 in Unarmed Combat
   949 | D:6      | Shot with a bolt by an orc warrior

Illustrated notes

Levels and vault maps discovered:
D:5:      layout_loops_ring, xom_redecorated, temple_fountains, corner_web_ring,
          uniq_menkaure, uniq_pikel
D:6:      minmay_evil_eye, layout_basic, mainiacjoe_overflow_catwalk,
          gammafunk_temple_overflow_statue, hangedman_abyss_or_decor_stagger,
          kennysheep_generic_room_15, uniq_duvessa
Temple:   eino_temple_water

Skill      XL: |  1  2  3  4  5  6  7 |
---------------+----------------------+-----
Unarmed Combat | 3 4 5 8 9 |  9.2
Fighting       | |  2.4
Dodging        | |  1.5
Stealth        | |  2.7

Action                   |  1- 3 |  4- 6 |  7- 9 || total
-------------------------+-------+-------+-------++-------
Melee: Unarmed           |    13 |    14 |    34 ||    61
 Stab: Sleeping          |     1 |       |       ||     1
Armor: Robe              |     2 |     2 |     4 ||     8
Dodge: Dodged            |     5 |     6 |    12 ||    23
